 Dungeon Crawl Stone Soup version 0.18-a0-1088-g34ef3a2 (webtiles) character file.

121 ater218 the Grave Robber (level 4, -8/24 HPs)
             Began as a Deep Elf Necromancer on Jan 15, 2016.
             Was an Initiate of Sif Muna.
             Mangled by a gnoll
             ... wielding a +0 halberd
              (14 damage)
             ... on level 3 of the Dungeon.
             The game lasted 00:12:44 (2905 turns).

ater218 the Grave Robber (Deep Elf Necromancer)     Turns: 2905, Time: 00:12:44

Health: -8/24      AC:  2    Str:  5    XL:     4   Next: 76%
Magic:  3/12       EV: 13    Int: 21    God:    Sif Muna [......]
Gold:   70         SH:  0    Dex: 15    Spells: 3 memorised, 4 levels left

rFire  . . .     SeeInvis .     d - +0 short sword (venom)
rCold  . . .     Gourm    .     a - +0 robe
rNeg   . . .     Faith    .     (no shield)
rPois  .         Spirit   .     (no helmet)
rElec  .         Dismiss  .     (no cloak)
rCorr  .         Reflect  .     (no gloves)
SustAt .         Harm     .     (no boots)
MR     .....                    (no amulet)
Stlth  ++........               (no ring)
                                (no ring)

@: very slightly contaminated, not resistant to hostile enchantments, unstealthy
A: no striking features
a: Renounce Religion


You were on level 3 of the Dungeon.
You worshipped Sif Muna.
Sif Muna was noncommittal.
You were hungry.

You visited 1 branch of the dungeon, and saw 3 of its levels.

You collected 70 gold pieces.

Inventory:

Hand Weapons
 d - a +0 short sword of venom (weapon)
Armour
 a - a +0 robe (worn)
Jewellery
 g - a +4 ring of dexterity {unknown}
 j - a cursed ring of loudness {unknown}
Scrolls
 e - a scroll of fear {unknown}
 f - 2 scrolls of noise {unknown}
 l - 2 scrolls of recharging {unknown}
 m - a scroll of amnesia {unknown}
 n - a scroll of enchant weapon {unknown}
 o - a scroll of fog {unknown}
 r - a scroll of identify {unknown}
Potions
 h - 2 potions of ambrosia {unknown}
 k - a potion of invisibility {unknown}
 q - a potion of flight {unknown}
 s - a potion of lignification {unknown}
Books
 b - a book of Necromancy

   Spells                             Type                      Level
   a - Pain                           Necromancy                   1
   b - Animate Skeleton               Necromancy                   1
   c - Vampiric Draining              Necromancy                   3
   d - Regeneration                   Charms/Necromancy            3
   e - Animate Dead                   Necromancy                   4
   f - Control Undead                 Necromancy                   4
Comestibles
 c - 2 bread rations
 i - a slice of pizza
 p - 2 meat rations


   Skills:
 + Level 2.5 Dodging
 - Level 2.4 Stealth
 * Level 4.8 Spellcasting
 * Level 6.4 Necromancy


You had 4 spell levels left.
You knew the following spells:

 Your Spells              Type           Power        Failure   Level  Hunger
a - Pain                  Necr           ####         1%          1    None
b - Vampiric Draining     Necr           ####......   2%          3    ##.....
c - Animate Dead          Necr           N/A          10%         4    ####...


Dungeon Overview and Level Annotations

Branches:
Dungeon (3/15)

Altars:
Ashenzari
Qazlal
Ru
Sif Muna
Yredelemnul


Message History

Confirm with . or Enter, or press ? or * to list all spells.
Aiming: Pain
Press: ? - help, Shift-Dir - straight line, f - gnoll
Aim: a gnoll, wielding a halberd (chance to defeat MR: 89%)
The gnoll convulses in agony!
Casting: Pain
Confirm with . or Enter, or press ? or * to list all spells.
Aiming: Pain
Press: ? - help, Shift-Dir - straight line, f/p - gnoll
Aim: a gnoll, wielding a halberd (moderately wounded, chance to defeat MR: 89%)
The gnoll convulses in agony!
The gnoll barely misses you.
Casting: Pain
Confirm with . or Enter, or press ? or * to list all spells.
Aiming: Pain
Press: ? - help, Shift-Dir - straight line, f/p - gnoll
Aim: a gnoll, wielding a halberd (heavily wounded, chance to defeat MR: 89%)
The gnoll convulses in agony!
The gnoll hits you from afar with a halberd!
Ouch! That really hurt!
You die...

#Z♣♣PP..♣.....###
#.#♣♣♣PZP##...... #.#
♣Z.♣##...... ##.# ♣♣.♣
#...... #######..##
#.###...... #.........#
#..##......
#.........#####..#.....)
#♣.♣....................
♣...♣..@.#######........
♣..P♣....g### ##........
♣P. ♣..##.gr###.........
♣♣ ♣..####)##..........
♣..# #.w........... #..
##............
#.....).............
##..................
#........#.........


You could see a worm, 2 gnolls and a rat.

Vanquished Creatures
  Natasha (D:2)
  3 adders
  A gnoll (D:3)
  2 worms (D:2)
  A giant gecko (D:2)
  A giant cockroach (D:3)
  5 hobgoblins
  8 jackals
  7 kobolds
  A quokka (D:2)
  10 bats
  2 giant newts
  7 goblins
  6 rats
55 creatures vanquished.

Vanquished Creatures (collateral kills)
  A hobgoblin (D:3)
1 creature vanquished.

Grand Total: 56 creatures vanquished

Notes
Turn   | Place    | Note
--------------------------------------------------------------
     0 | D:1      | ater218 the Deep Elf Necromancer began the quest for the Orb.
     0 | D:1      | Reached XP level 1. HP: 10/10 MP: 6/6
    16 | D:1      | Reached skill level 5 in Necromancy
   520 | D:1      | Reached XP level 2. HP: 15/15 MP: 6/8
   894 | D:2      | Found a stormy altar of Qazlal.
  1229 | D:2      | Reached XP level 3. HP: 12/19 MP: 2/10
  1788 | D:2      | Found a deep blue altar of Sif Muna.
  1800 | D:2      | Became a worshipper of Sif Muna the Loreminder
  1973 | D:2      | Found a sacrificial altar of Ru.
  2008 | D:2      | Reached skill level 6 in Necromancy
  2154 | D:2      | Reached XP level 4. HP: 22/24 MP: 9/12
  2192 | D:2      | Noticed Natasha
  2196 | D:2      | Killed Natasha
  2230 | D:2      | Learned a level 3 spell: Vampiric Draining
  2235 | D:2      | Learned a level 4 spell: Animate Dead
  2533 | D:3      | Found a basalt altar of Yredelemnul.
  2680 | D:3      | Found a shattered altar of Ashenzari.
  2905 | D:3      | Mangled by a gnoll

Vault maps used:
D:1:      dpeg_arrival_pits
D:2:      nicolae_overflow_crystal_walls, old_standard_altar,
          overflow_temple_1_default, first_bread, grunt_ministairs_1,
          minmay_circled_x, uniq_natasha
D:3:      nicolae_gozag_zags_fifth_avenue, yredelemnul_altar_generic,
          ashenzari_conservatory_becter, serial_forest,
          infiniplex_forest_corner_2, infiniplex_forest_clump_small,
          infiniplex_forest_lined_room_3, infiniplex_forest_end_3,
          infiniplex_forest_end_1, infiniplex_forest_3_way,
          infiniplex_forest_straight_3, okawaru_gym_becter

Action                   |  1- 3 |  4- 6 || total
-------------------------+-------+-------++-------
Melee: Short sword       |    15 |       ||    15
 Cast: Pain              |    66 |    28 ||    94
       Animate Dead      |       |     5 ||     5
  Eat: Chunk             |     1 |       ||     1
       Meat ration       |     1 |       ||     1
